 Dungeon Crawl Stone Soup version 0.17-a0-2171-ga91b4ec (webtiles) character file.

91 mrath the Chiller (level 4, 0/32 HPs)
             Began as a Merfolk Ice Elementalist on Oct 25, 2015.
             Was an Initiate of Sif Muna.
             Slain by a gnoll
             ... wielding a +0 spear
              (2 damage)
             ... on level 3 of the Dungeon.
             The game lasted 00:30:54 (3750 turns).

mrath the Chiller (Merfolk Ice Elementalist)        Turns: 3750, Time: 00:30:54

Health: 0/32       AC:  2    Str:  8    XL:     4   Next: 57%
Magic:  4/8        EV:  9    Int: 14    God:    Sif Muna [......]
Gold:   172        SH:  0    Dex: 15    Spells: 2 memorised, 5 levels left

rFire  . . .     SeeInvis .     h - +1 whip (venom)
rCold  . . .     Clarity  .     a - +0 robe
rNeg   . . .     SustAt   .     (no shield)
rPois  +         Gourm    .     (no helmet)
rElec  .         Spirit   .     (no cloak)
rCorr  .         Warding  .     (no gloves)
rMut   .         Stasis   .     (no boots)
MR     .....                    (no amulet)
Stlth  ++........               (no ring)
                                m - ring of poison resistance

@: not resistant to hostile enchantments, unstealthy
A: change form in water, swift swim
a: Renounce Religion


You were on level 3 of the Dungeon.
You worshipped Sif Muna.
Sif Muna was noncommittal.
You were not hungry.

You visited 1 branch of the dungeon, and saw 3 of its levels.

You collected 172 gold pieces.

Inventory:

Hand Weapons
 h - a +1 whip of venom (weapon)
 s - a +0 hand axe
Missiles
 e - 79 stones (quivered)
 o - 6 poisoned needles
Armour
 a - a +0 robe (worn)
 p - a +2 leather armour of cold resistance
Jewellery
 m - a ring of poison resistance (left hand)
 w - an uncursed ring of stealth {unknown}
Scrolls
 i - a scroll of remove curse {unknown}
 q - a scroll of identify {unknown}
 r - a scroll of immolation {unknown}
 u - a scroll of recharging {unknown}
 v - a scroll of magic mapping {unknown}
Potions
 f - 2 potions of poison {unknown}
 g - 3 potions of ambrosia {unknown}
 k - a potion of curing {unknown}
 n - a potion of degeneration {unknown}
 t - a potion of might {unknown}
 z - 2 potions of invisibility {unknown}
Books
 b - a book of Frost

   Spells                             Type                      Level
   a - Freeze                         Ice                          1
   b - Throw Frost                    Conjuration/Ice              2
   c - Ozocubu's Armour               Charms/Ice                   3
   d - Throw Icicle                   Conjuration/Ice              4
   e - Summon Ice Beast               Ice/Summoning                4
   f - Condensation Shield            Ice                          4
Comestibles
 c - 2 bread rations
 d - a fruit
 j - a chunk of flesh
 l - 2 meat rations
 x - a slice of pizza


   Skills:
 + Level 1.5 Fighting
 + Level 3.6 Dodging
 - Level 2.1 Stealth
 + Level 2.7 Spellcasting
 - Level 0.7 Conjurations
 + Level 4.1 Ice Magic
 + Level 0.9 Invocations


You had 5 spell levels left.
You knew the following spells:

 Your Spells              Type           Power        Failure   Level  Hunger
a - Freeze                Ice            ##..         4%          1    #......
b - Throw Frost           Conj/Ice       #.....       14%         2    ###....


Dungeon Overview and Level Annotations

Branches:
Dungeon (3/15)

Altars:
Sif Muna


Message History

Confirm with . or Enter, or press ? or * to list all spells.
Aiming: Freeze
Press: ? - help, Shift-Dir - straight line, f - gnoll
Aim: a gnoll, wielding a club You freeze the gnoll.
The gnoll is lightly wounded.
The gnoll hits you from afar with a spear.
The gnoll completely misses you.
Casting: Freeze
Confirm with . or Enter, or press ? or * to list all spells.
Aiming: Freeze
Press: ? - help, Shift-Dir - straight line, f/p - gnoll
Aim: a gnoll, wielding a club (lightly wounded)
You freeze the gnoll.
The gnoll is moderately wounded.
The gnoll hits you from afar with a spear!
* * * LOW HITPOINT WARNING * * *
The gnoll hits you but does no damage.
The gnoll hits you from afar with a spear.
You die...

#####.#.###...#### #.# #.#.##.
....##.## #...# #.# #......
###.#### #...# #.# ###.### ###.#
#...# ######.#####(... ..#.#
#...# #..........##### ..#.#
#...# #.###.##......##
....#######...####.###......##...
...#.................####...##...
##..............@....# #........
#.#..........gg.....# #..###...
##.######.#...g####### #........
...# #.#....# ##)###### ####
#.#....# ##...## # #.#....#
#.....#### #.(....# #........#
###...## #)....##.# ###...#
##...###.#


You could see 3 gnolls.

Vanquished Creatures
  Jessica (D:3)
  A gnoll (D:3)
  An ooze (D:3)
  3 giant geckos
  An orc (D:3)
  A ball python (D:2)
  6 bats
  4 giant cockroaches
  3 goblins
  8 hobgoblins
  5 kobolds
  A quokka (D:3)
  4 giant newts
  6 rats
45 creatures vanquished.

Notes
Turn   | Place    | Note
--------------------------------------------------------------
     0 | D:1      | mrath the Merfolk Ice Elementalist began the quest for the Orb.
     0 | D:1      | Reached XP level 1. HP: 13/13 MP: 3/3
   389 | D:1      | Reached XP level 2. HP: 17/19 MP: 0/5
  1319 | D:1      | Learned a level 2 spell: Throw Frost
  1372 | D:2      | Reached XP level 3. HP: 22/25 MP: 6/6
  2556 | D:2      | Found a deep blue altar of Sif Muna.
  2567 | D:2      | Became a worshipper of Sif Muna the Loreminder
  2771 | D:3      | Reached skill level 4 in Ice Magic
  2909 | D:3      | Reached skill level 1 in Fighting
  3022 | D:3      | Noticed Jessica
  3078 | D:3      | Killed Jessica
  3078 | D:3      | Reached XP level 4. HP: 30/32 MP: 7/7
  3750 | D:3      | Slain by a gnoll

Vault maps used:
D:1:      dpeg_arrival_orchard
D:2:      lemuel_round_altar, first_bread
D:3:      uniq_jessica

Action                   |  1- 3 |  4- 6 || total
-------------------------+-------+-------++-------
Melee: Whip              |    65 |     6 ||    71
Throw: Stone             |    92 |    25 ||   117
 Cast: Freeze            |    15 |     8 ||    23
  Eat: Chunk             |     3 |     2 ||     5
       Fruit             |     1 |       ||     1
       Pizza             |     1 |       ||     1
       Beef jerky        |     1 |       ||     1
